 Dungeon Crawl Stone Soup version 0.31-a0-1278-g11c5b68f87 (webtiles) character file.

Game seed: 13263975958768649943

1276 MackTheKnife the Skirmisher (level 8, -5/71 HPs)
             Began as a Minotaur Hunter on Dec 17, 2023.
             Was an Initiate of Gozag.
             Slain by a wraith (11 damage)
             ... in an ossuary.
             The game lasted 00:07:00 (3279 turns).

MackTheKnife the Skirmisher (Minotaur Hunter)       Turns: 3279, Time: 00:07:00

Health: -5/71      AC:  3    Str: 15 (17) XL:     8   Next: 29%
Magic:  7/7        EV: 12    Int:  3 (6)  God:    Gozag
Gold:   439        SH:  0    Dex: 12 (15) Spells: 7/7 levels left

rFire   . . .        a - +0 shortbow {bow}
rCold   . . .        (shield currently unavailable)
rNeg    . . .        c - +0 leather armour
rPois   .            (helmet restricted)
rElec   .            (no cloak)
rCorr   .            (no gloves)
SInv    .            (no boots)
Will    .....        (no amulet)
Stlth   +            (no ring)
HPRegen 0.31/turn    (no ring)
MPRegen 0.10/turn

%: no passive effects
@: slowed, very slow
A: horns 2, retaliatory headbutt
a: Renounce Religion, Potion Petition, Call Merchant, Bribe Branch


You were in an ossuary.
You worshipped Gozag.
Gozag was aware of your devotion.
You visited 1 branch of the dungeon, and saw 6 of its levels.
You also visited: Sewer and Ossuary.

You collected 560 gold pieces.
You paid 121 gold pieces to Gozag.


Innate Abilities, Weirdness & Mutations

You have a pair of horns on your head.
You reflexively headbutt those who attack you in melee.


   Skills:
 + Level 6.5 Fighting
 + Level 9.7 Ranged Weapons
 - Level 2.1 Dodging
 - Level 0.7 Stealth
 - Level 3.0 Evocations


You had 7 spell levels left.
You didn't know any spells.
Your spell library contained the following spells:

 Spells                   Type           Power      Damage    Failure   Level
 Magic Dart               Conj           0%         1d3       58%         1
 Call Imp                 Summ           0%         N/A       75%         2
 Mephitic Cloud           Conj/Pois/Air  0%         N/A       92%         3

Inventory:

Hand Weapons
 a - a +0 shortbow (weapon) {bow}
 p - a +3 war axe {axe}
   (You found it on level 3 of the Dungeon)
Armour
 c - a +0 leather armour (worn)
 o - the +1 robe of the Kangaroo {rCorr Str-4 Dex+4}
   (You found it on level 3 of the Dungeon)

   Str-4:     It affects your strength (-4).
   Dex+4:     It affects your dexterity (+4).
   rCorr:     It protects you from acid and corrosion.
 x - a +0 pair of gloves
   (You found it on level 5 of the Dungeon)
Wands
 y - a wand of paralysis (9)
   (You took it off an orc on level 5 of the Dungeon)
Scrolls
 d - 2 scrolls of fear
 f - a scroll of enchant weapon {unknown}
 g - 3 scrolls of teleportation {@r4}
 k - a scroll of noise {unknown}
 q - a scroll of revelation {unknown}
 r - a scroll of blinking {unknown}
 s - 2 scrolls of silence {unknown}
 t - 2 scrolls of fog {unknown}
 u - a scroll of poison {!r}
 v - a scroll of enchant armour {unknown}
 D - a scroll of immolation {unknown}
Potions
 e - a potion of invisibility {unknown}
 h - 3 potions of brilliance
 i - a potion of heal wounds {unknown}
 j - a potion of resistance {unknown}
 m - a potion of attraction {unknown}
 n - 3 potions of curing {@q1}
 w - a potion of degeneration {!q@e2}
 z - a potion of ambrosia {unknown}
 A - a potion of might {unknown}
 B - a potion of mutation {unknown}
 C - a potion of cancellation {unknown}

Dungeon Overview and Level Annotations

Branches:
Dungeon (6/15) Zot: 26678  Temple (0/1) D:6           Sewer (visited)
Ossuary (1/1) Zot: 5873

Altars:
Cheibriados
Elyvilon
Gozag
Ru
Trog
Uskayaw
Yredelemnul #####+##### #...b...b.## #..b##'##Wb.## . ##...##@..## . ##bbbbb##.b.# .. #..bbbbb#b.b+

...##.bbbb##...#
#...##b..##...##
. #...#####...##
...##.........##
....#####'#####..
.................


You could see a wraith (ally target).


Message History

Press: ? - help, Shift-Dir - straight line, f/p - wraith
Aim: a wraith (lightly damaged, 66% to hit)
You shoot an arrow. The arrow hits the wraith.
The wraith hits you. 😮 HP[-1]
You take 1 damage, and now have 48/71 hp.
Fire: a) +0 shortbow {bow}
Press: ? - help, Shift-Dir - straight line, f/p - wraith
Aim: a wraith (moderately damaged, 66% to hit)
You shoot an arrow.
The arrow hits the wraith but does no damage.
The wraith hits you. The wraith drains your vigour!
You feel as though you will be slow longer.
The wraith barely misses you. You furiously retaliate!
You headbutt the wraith. 😮 HP[-1]
You take 1 damage, and now have 47/71 hp.
Fire: a) +0 shortbow {bow}
Press: ? - help, Shift-Dir - straight line, f/p - wraith
Aim: a wraith (moderately damaged, 66% to hit)
You shoot an arrow. The arrow hits the wraith.
The wraith misses you.
Fire: a) +0 shortbow {bow}
Press: ? - help, Shift-Dir - straight line, f/p - wraith
Aim: a wraith (moderately damaged, 66% to hit)
You shoot an arrow. The arrow closely misses the wraith.
The wraith hits you. The wraith drains your vigour!
You feel as though you will be slow longer.
The wraith misses you. 😮 HP[-3]
You take 3 damage, and now have 44/71 hp.
Fire: a) +0 shortbow {bow}
Press: ? - help, Shift-Dir - straight line, f/p - wraith
Aim: a wraith (moderately damaged, 66% to hit)
You shoot an arrow. The arrow closely misses the wraith.
The wraith hits you. The wraith drains your vigour!
You feel as though you will be slow longer. 😮 HP[-5]
You take 5 damage, and now have 39/71 hp.
Fire: a) +0 shortbow {bow}
Press: ? - help, Shift-Dir - straight line, f/p - wraith
Aim: a wraith (moderately damaged, 66% to hit)
You shoot an arrow. The arrow hits the wraith.
The wraith hits you.
* * * LOW HITPOINT WARNING * * *
The wraith hits you.
* * * LOW HITPOINT WARNING * * *
The wraith drains your vigour!
You feel as though you will be slow longer. 😨 HP[-10]
You take 10 damage, and now have 29/71 hp.
Fire: a) +0 shortbow {bow}
Press: ? - help, Shift-Dir - straight line, f/p - wraith
Aim: a wraith (heavily damaged, 66% to hit)
You shoot an arrow.
The arrow hits the wraith but does no damage.
The wraith hits you.
* * * LOW HITPOINT WARNING * * *
😨 HP[-4]
You take 4 damage, and now have 25/71 hp.
It was a potion of degeneration.
There was something very wrong with that liquid.
You feel weakened.
You feel dopey.
You feel clumsy. The wraith hits you!
* * * LOW HITPOINT WARNING * * *
The wraith hits you!
* * * LOW HITPOINT WARNING * * *
The wraith drains your vigour!
You feel as though you will be slow longer. 😱 HP[-19]
You take 19 damage, and now have 6/71 hp.
MASSIVE DAMAGE!! (PAUSE) It was a potion of curing.
You feel better. The wraith hits you!
* * * LOW HITPOINT WARNING * * *
😱 HP[-3]
You take 3 damage, and now have 3/71 hp.
Okay, then.
As you read the scroll of butterflies, it crumbles to dust.
You hear the flapping of tiny wings.
The wraith is knocked back by the sudden gust.
The wraith hits your butterfly!
Your butterfly dies!
Your butterfly disappears in a burst of colours!
You swap places. 😱 HP[+1]
You swap places.
Something barely misses your butterfly. 😱 HP[+1]
Aiming: Paralyse
Press: ? - help, Shift-Dir - straight line, f/p - wraith
Aim: a wraith (moderately damaged, ally target, chance to affect: 23%)
Okay, then.
Aiming: Quicksilver Bolt
Press: ? - help, Shift-Dir - straight line, f/p - wraith
Aim: a wraith (moderately damaged, ally target, 74% to hit)
The bolt of dispelling energy hits the wraith!
The now-empty wand crumbles to dust. 😱 HP[+1]
Aiming: Paralyse
Press: ? - help, Shift-Dir - straight line, f/p - wraith
Aim: a wraith (severely damaged, ally target, chance to affect: 23%)
The wraith resists with almost no effort.
The wraith hits you!
You die...
Your body crumbles into a pile of gold.

Skill      XL: |  1  2  3  4  5  6  7  8 |
---------------+-------------------------+-----
Ranged Weapons | 5 6 7 8 9 |  9.7
Evocations     | 1 3 |  3.0
Fighting       | 3 5 6 |  6.5
Dodging        | |  2.1
Stealth        | |  0.7

Action                     |  1- 3 |  4- 6 |  7- 9 || total
---------------------------+-------+-------+-------++-------
   Fire: Shortbow          |    98 |   100 |   206 ||   404
  Evoke: Wand              |     2 |     6 |     4 ||    12
    Use: Scroll            |       |     4 |     1 ||     5
         Potion            |       |       |     2 ||     2
 Armour: Leather armour    |    14 |    21 |    73 ||   108
  Dodge: Dodged            |    14 |    25 |    47 ||    86

Levels and vault maps discovered:
D:1:      saegor_arrival_simple_b, layout_loops_corners
D:2:      layout_basic, hellmonk_ecumenical_altar_run_dry
D:3:      layout_basic
D:4:      layout_basic, general_overflow_altar,
          mainiacjoe_sewer_entry_somewhere_in_here_1, uniq_grinder
D:5:      layout_basic, grunt_temple_overflow_cloverleaf, lemuel_crystal_altar,
          nicolae_half_adder
D:6:      lemuel_castle_with_subvaults [lemuel_castle_interior_carwin_1],
          layout_loops_ring, lemuel_crystal_altar, temple_pool_b,
          enter_ossuary_2, nrook_pool_corridor
Ossuary:  ossuary_due_mausoleum

Notes
Turn   | Place    | Note
-------+----------+-------------------------------------------
     0 | D:1      | MackTheKnife the Minotaur Hunter began the quest for the
                  | Orb.
     0 | D:1      | Reached XP level 1. HP: 18/18 MP: 0/0
     0 | D:1      | magus.rc [v1.9.6]
    12 | D:1      | You pick up a book of Minor Magic and begin reading...
    12 | D:1      | You add the spells Magic Dart, Call Imp and Mephitic Cloud
                  | to your library.
   245 | D:1      | Reached XP level 2. HP: 25/25 MP: 1/1
   423 | D:1      | Reached skill level 5 in Ranged Weapons
   769 | D:2      | Reached XP level 3. HP: 30/30 MP: 2/2
   887 | D:2      | Found a faded altar of an unknown god.
  1197 | D:3      | Reached skill level 6 in Ranged Weapons
  1376 | D:3      | Identified the +1 robe of the Kangaroo {rCorr Str-4 Dex+4}
  1497 | D:4      | Noticed an ogre
  1502 | D:4      | Killed an ogre
  1503 | D:4      | Reached skill level 1 in Evocations
  1503 | D:4      | Reached XP level 4. HP: 37/37 MP: 3/3
  1503 | D:4      | Reached XP level 5. HP: 42/42 MP: 4/4
  1601 | D:4      | Noticed an ogre
  1607 | D:4      | Killed an ogre
  1608 | D:4      | Reached skill level 2 in Evocations
  1621 | D:4      | Found a bloodstained altar of Trog.
  1623 | D:4      | Noticed Grinder
  1624 | D:4      | Paralysed by Grinder for 4 turns
  1629 | D:4      | Killed Grinder
  1630 | D:4      | Reached skill level 7 in Ranged Weapons
  1630 | D:4      | Reached skill level 3 in Evocations
  1630 | D:4      | Reached XP level 6. HP: 31/50 MP: 5/5
  1730 | D:4      | Reached skill level 8 in Ranged Weapons
  1792 | D:4      | Found a glowing drain.
  1806 | Sewer    | Entered a sewer
  1930 | Sewer    | Reached skill level 3 in Fighting
  2130 | D:4      | Reached XP level 7. HP: 52/57 MP: 6/6
  2183 | D:5      | Entered Level 5 of the Dungeon
  2274 | D:5      | Reached skill level 4 in Fighting
  2318 | D:5      | Paralysed by an orc for 4 turns
  2375 | D:5      | Found a sacrificial altar of Ru.
  2447 | D:5      | Found an opulent altar of Gozag.
  2450 | D:5      | Found a white marble altar of Elyvilon.
  2453 | D:5      | Found a hide-covered altar of Uskayaw.
  2456 | D:5      | Found a snail-covered altar of Cheibriados.
  2473 | D:5      | Became a worshipper of Gozag Ym Sagoz the Greedy
  2582 | D:5      | Reached skill level 9 in Ranged Weapons
  2639 | D:5      | Reached skill level 5 in Fighting
  2658 | D:5      | HP: 13/61 [gnoll/+0 spear[a gnoll bouda] (7)]
  2663 | D:5      | HP: 12/61 [gnoll/+0 spear[a gnoll bouda] (3)]
  2701 | D:5      | HP: 15/61 [gnoll/+0 club[a gnoll bouda] (6)]
  2741 | D:5      | HP: 14/61 [adder (3)]
  2801 | D:5      | Reached XP level 8. HP: 25/69 MP: 7/7
  3047 | D:6      | Found a basalt altar of Yredelemnul.
  3058 | D:6      | Reached skill level 6 in Fighting
  3113 | D:6      | Found a staircase to the Ecumenical Temple.
  3155 | D:6      | Found a sand-covered staircase.
  3160 | Ossuary  | Entered an ossuary
  3271 | Ossuary  | HP: 14/71 [wraith (12)]
  3271 | Ossuary  | HP: 6/71 [wraith (8)]
  3279 | Ossuary  | Slain by a wraith

Vanquished Creatures
  Grinder (D:4)
  A black bear (D:4)
  2 ogres (D:4)
  A phantom (D:6)
  2 scorpions
  A hound (D:5)
  A jelly (D:6)
  An orc priest (D:5)
  A gnoll bouda (D:5)
  An iguana (D:6)
  A sleepcap (D:6)
  4 orc wizards (D:5)
  A hell rat (Sewer)
  A mummy (Ossuary)
  10 gnolls
  9 adders
  4 river rats (Sewer)
  A shadow imp (D:5)
  A worm (D:4)
  3 dart slugs
  19 orcs
  7 ball pythons
  6 endoplasms
  4 giant cockroaches (D:4)
  4 goblins
  4 hobgoblins
  4 jackals (D:2)
  A quokka (D:4)
  A bat (D:2)
  3 frilled lizards
  2 gnoll skeletons (Ossuary)
  5 kobolds
  2 kobold skeletons (Ossuary)
  5 orc skeletons (Ossuary)
  10 rats
124 creatures vanquished.

Table legend:
 A = Non-vault XP
 B = Vault XP
 C = Vault XP percentage of total XP
 D = Non-vault monster count
 E = Vault monster count
 F = Vault count percentage of total count
                 A         B        C        D         E       F
            +---------+---------+-------+---------+---------+-------
      Total |    1344 |     480 |  26.3 |      92 |      32 |  25.8
            +---------+---------+-------+---------+---------+-------
        D:1 |      17 |       0 |   0.0 |      11 |       0 |   0.0
        D:2 |      57 |       0 |   0.0 |      18 |       0 |   0.0
        D:3 |      12 |       0 |   0.0 |       7 |       0 |   0.0
        D:4 |     410 |     283 |  40.8 |      16 |       6 |  27.3
        D:5 |     520 |      79 |  13.2 |      34 |       6 |  15.0
        D:6 |     328 |       0 |   0.0 |       6 |       0 |   0.0
      Sewer |       0 |      90 | 100.0 |       0 |      10 | 100.0
    Ossuary |       0 |      28 | 100.0 |       0 |      10 | 100.0
            +---------+---------+-------+---------+---------+-------

Skill      XL: |  1  2  3  4  5  6  7  8 |
---------------+-------------------------+-----
Ranged Weapons | 5 6 7 8 9 |  9.7
Evocations     | 1 3 |  3.0
Fighting       | 3 5 6 |  6.5
Dodging        | |  2.1
Stealth        | |  0.7

Action                     |  1- 3 |  4- 6 |  7- 9 || total
---------------------------+-------+-------+-------++-------
   Fire: Shortbow          |    98 |   100 |   206 ||   404
  Evoke: Wand              |     2 |     6 |     4 ||    12
    Use: Scroll            |       |     4 |     1 ||     5
         Potion            |       |       |     2 ||     2
 Armour: Leather armour    |    14 |    21 |    73 ||   108
  Dodge: Dodged            |    14 |    25 |    47 ||    86

Illustrated notes

Table legend:
 A = Kills in this place as a percentage of kills in the entire game.
 B = Kills by you in this place as a percentage of kills by you in the entire game.
 C = Kills by friends in this place as a percentage of kills by friends in the entire game.
 D = Other kills in this place as a percentage of other kills in the entire game.
 E = Experience gained in this place as a percentage of experience gained in the entire game.
 F = Experience gained in this place divided by the number of levels of this place that you have seen.
                   A       B       C       D       E      F
               +-------+-------+-------+-------+-------+----------------------
         Total | 100.0 | 100.0 |   N/A |   N/A | 100.0 | 228.0
       Dungeon |  83.9 |  83.9 |   N/A |   N/A |  93.5 | 284.3
         Sewer |   8.1 |   8.1 |   N/A |   N/A |   4.9 |  90.0
       Ossuary |   8.1 |   8.1 |   N/A |   N/A |   1.5 |  28.0
               +-------+-------+-------+-------+-------+----------------------

Table legend: (Time is in decaauts)
 A = Elapsed time spent in this place.
 B = Non-inter-level travel time spent in this place.
 C = Inter-level travel time spent in this place.
 D = Time resting spent in this place.
 E = Time spent auto-exploring this place.
 F = Levels seen in this place.
 G = Mean time per level.
                   A        B        C        D        E       F      G
               +--------+--------+--------+--------+--------+-----+--------+
         Total |   3316 |   3180 |    136 |      0 |   1907 |   8 |  414.5 |
       Dungeon |   2972 |   2836 |    136 |      0 |   1683 |   6 |  495.3 |
         Sewer |    218 |    218 |      0 |      0 |    152 |   1 |  218.0 |
       Ossuary |    125 |    125 |      0 |      0 |     72 |   1 |  125.0 |
               +--------+--------+--------+--------+--------+-----+--------+

Top non-repeatable levels by time:
     D:2: 639 daAuts
     D:5: 613 daAuts
     D:4: 524 daAuts
     D:1: 502 daAuts
     D:3: 370 daAuts
     D:6: 322 daAuts
   Sewer: 218 daAuts
 Ossuary: 125 daAuts
